 Dungeon Crawl Stone Soup version 0.22.1-1-ga44c0e5 (webtiles) character file.

1085 Fang the Chopper (level 8, -3/76 HPs)
             Began as a Gargoyle Berserker on Nov 8, 2018.
             Was a Priest of Trog.
             Slain by Eustachio
             ... wielding a +3 rapier of flaming
              (7 damage)
             ... on level 5 of the Dungeon.
             The game lasted 00:06:40 (4587 turns).

Fang the Chopper (Gargoyle Berserker)               Turns: 4587, Time: 00:06:41

Health: -3/76      AC:  9    Str: 27    XL:     8   Next: 30%
Magic:  8/8        EV: 15    Int:  9    God:    Trog [***...]
Gold:   208        SH:  0    Dex:  9    Spells: 7/7 levels left

rFire    . . .     SeeInvis +   u - +0 war axe
rCold    . . .     Gourm    .   (no shield)
rNeg     + . .     Faith    .   o - +0 leather armour
rPois    ∞         Spirit   .   (no helmet)
rElec    +         Reflect  .   (no cloak)
rCorr    .         Harm     .   (no gloves)
MR       .....                  (no boots)
Stlth    ..........             (no amulet)
HPRegen  0.22/turn              j - ring of see invisible
MPRegen  0.11/turn              p - +3 ring of evasion

@: berserking, very quick
A: negative energy resistance 1, electricity resistance, unbreathing,
petrification resistance, rot immunity, AC +5
a: Berserk, Trog's Hand, Renounce Religion


You were on level 5 of the Dungeon.
You worshipped Trog.
Trog was most pleased with you.
You were hungry.

You visited 1 branch of the dungeon, and saw 5 of its levels.

You collected 208 gold pieces.

Inventory:

Hand Weapons
 u - a +0 war axe (weapon)
Armour
 o - a +0 leather armour (worn)
Jewellery
 j - a ring of see invisible (left hand)
 p - a +3 ring of evasion (right hand)
Wands
 b - a wand of paralysis (18)
 r - a wand of random effects (21)
Scrolls
 d - 2 scrolls of blinking {unknown}
 h - 4 scrolls of identify {unknown}
 i - 3 scrolls of teleportation {unknown}
 k - a scroll of fog {unknown}
 m - 3 scrolls of enchant armour {unknown}
 s - a scroll of amnesia {unknown}
 t - a scroll of fear {unknown}
Potions
 e - a potion of ambrosia {unknown}
 f - 3 potions of curing {unknown}
 g - 4 potions of degeneration {unknown}
 l - a potion of berserk rage {unknown}
 n - 2 potions of flight {unknown}
 q - 3 potions of magic {unknown}
Comestibles
 c - 7 rations


   Skills:
 + Level 5.8 Fighting
 + Level 7.1 Axes
 + Level 3.1 Armour
 + Level 3.4 Dodging
 + Level 0.6 Stealth


You had 7 spell levels left.
You didn't know any spells.
Your spell library was empty.

Dungeon Overview and Level Annotations

Branches:
Dungeon (5/15)
 Temple: D:4-7

Altars:
Ashenzari
Dithmenos
Fedhas
Hepliaklqana
Kikubaaqudgha
Ru
Uskayaw
The Shining One

Annotations:
D:5 Eustachio


Innate Abilities, Weirdness & Mutations

You are resistant to torment.
Your stone body is resilient. (AC +5)
You are immune to poison.
You resist negative energy. (rN+)
You are resistant to electric shocks. (rElec)
You can survive without breathing.
You are immune to petrification.
You are immune to rotting.


Message History

The quasit is almost dead.
You barely miss the shadow imp. You closely miss the bat. You miss the quasit.
You barely miss the bat. You barely miss Eustachio.
The bat hits you but does no damage. x3; The quasit closely misses you.
The quasit claws you but does no damage.
The quasit misses you. x2
The quasit claws you but does no damage.
The quasit misses you.
You slash Eustachio!
Eustachio is moderately wounded.
You barely miss the quasit. You hit the bat.
You kill the bat!
The bat's corpse disappears in a puff of smoke!
You barely miss the shadow imp. You closely miss the quasit.
The bat hits you but does no damage. The shadow imp gestures at you.
You struggle to resist.
The quasit barely misses you. The quasit misses you.
The quasit claws you but does no damage.
Eustachio hits you with a rapier of flaming!
You die...

#....÷.. ..#....# #.......
.....>. #....... .....#
#....##.. #....# ###+###..
.. #....##. ........
...##.....#.. ........
.......55##.. #'####..
......@@§##..####...##..
.......b5#..........#...
..###.>..##.........#...
##########'##.........#...
#...........'.........#...
#...........#....)....#...
####.###'##..##'##.###..##..
#....###.##..##.##.###..##..
##....#..............#...'..


You could see Eustachio, 2 quasits, a shadow imp and a bat.

Vanquished Creatures
  Grinder (D:5)
  Menkaure (D:5)
  A sky beast (D:5)
  A phantom (D:5)
  The ghost of Elysium the Chopper, an amateur DrGl of Qazlal (D:4)
  3 crimson imps (D:5)
  4 orc wizards
  A bullfrog skeleton (D:5)
  Jessica (D:2)
  4 adders
  4 gnolls (D:3)
  3 oozes
  An adder zombie (D:5)
  5 worms
  4 dart slugs
  A leopard gecko (D:1)
  15 orcs
  2 ball pythons
  4 bats
  5 bat zombies (D:3)
  4 goblins
  5 hobgoblins
  11 jackals
  7 kobolds
  2 quokkas
  2 frilled lizards
  9 rats
  2 rat zombies (D:3)
104 creatures vanquished.

Notes
Turn   | Place    | Note
-------+----------+-------------------------------------------
     0 | D:1      | Fang the Gargoyle Berserker began the quest for the Orb.
     0 | D:1      | Reached XP level 1. HP: 14/14 MP: 1/1
    54 | D:1      | Reached XP level 2. HP: 8/19 MP: 2/2
   238 | D:1      | Reached skill level 3 in Axes
   555 | D:1      | Reached XP level 3. HP: 23/24 MP: 3/3
  1015 | D:2      | Found a shadowy altar of Dithmenos.
  1653 | D:2      | Found a glowing golden altar of the Shining One.
  1653 | D:2      | Noticed Jessica
  1664 | D:2      | Killed Jessica
  1664 | D:2      | Reached XP level 4. HP: 22/29 MP: 4/4
  2186 | D:3      | Reached ** piety under Trog
  2238 | D:3      | Reached XP level 5. HP: 22/34 MP: 5/5
  2320 | D:3      | Found a sacrificial altar of Ru.
  2383 | D:3      | Reached skill level 4 in Axes
  2987 | D:3      | Reached XP level 6. HP: 39/39 MP: 6/6
  3168 | D:3      | Reached *** piety under Trog
  3191 | D:3      | Found an ancient bone altar of Kikubaaqudgha.
  3309 | D:4      | Reached skill level 5 in Axes
  3604 | D:4      | Found a runed door.
  3604 | D:4      | Noticed Elysium's ghost (amateur DrGl)
  3620 | D:4      | Found a hide-covered altar of Uskayaw.
  3620 | D:4      | Found a shattered altar of Ashenzari.
  3673 | D:4      | Killed Elysium's ghost
  3914 | D:5      | Entered Level 5 of the Dungeon
  3930 | D:5      | Reached XP level 7. HP: 41/44 MP: 7/7
  3942 | D:5      | Noticed Menkaure
  3955 | D:5      | Killed Menkaure
  3955 | D:5      | Reached skill level 5 in Fighting
  4181 | D:5      | Found a hazy altar of Hepliaklqana.
  4191 | D:5      | Found a blossoming altar of Fedhas.
  4236 | D:5      | Reached skill level 6 in Axes
  4558 | D:5      | Noticed Eustachio
  4558 | D:5      | Noticed Grinder
  4566 | D:5      | Paralysed by Grinder for 7 turns
  4574 | D:5      | Reached XP level 8. HP: 20/50 MP: 8/8
  4581 | D:5      | Killed Grinder
  4581 | D:5      | Reached skill level 7 in Axes
  4585 | D:5      | HP: 3/76 [shadow imp/nerve-wracking pain[Eustachio] (4)]
  4587 | D:5      | Slain by Eustachio

Skill      XL: |  1  2  3  4  5  6  7  8 |
---------------+-------------------------+-----
Axes           | 3 4 5 6 7 |  7.1
Fighting       | 4 5 |  5.8
Dodging        | 2 3 |  3.4
Armour         | 3 |  3.1
Stealth        | |  0.6

Action                   |  1- 3 |  4- 6 |  7- 9 || total
-------------------------+-------+-------+-------++-------
Melee: Hand axe          |   131 |   218 |    92 ||   441
       War axe           |       |       |    27 ||    27
Invok: Berserk           |     1 |     2 |     2 ||     5
  Eat: Chunk             |     1 |     9 |       ||    10
       Ration            |     1 |       |     1 ||     2
Armor: Animal skin       |    48 |       |       ||    48
       Leather armour    |       |   107 |    79 ||   186
Dodge: Dodged            |    91 |   149 |   118 ||   358
